 Dungeon Crawl Stone Soup version 0.19-a0-1855-gb7442ac (webtiles) character file.

23 Amnesiac the Digger (level 2, 0/15 HPs)
             Began as a Deep Elf Earth Elementalist on Oct 11, 2016.
             Slain by a centaur skeleton (3 damage)
             ... on level 3 of the Dungeon.
             The game lasted 00:00:55 (404 turns).

Amnesiac the Digger (Deep Elf Earth Elementalist)    Turns: 404, Time: 00:00:56

Health: 0/15       AC:  2    Str:  5    XL:     2   Next: 75%
Magic:  3/8        EV: 13    Int: 19    God:
Gold:   42         SH:  0    Dex: 15    Spells: 1 memorised, 6 levels left

rFire  . . .     SeeInvis .     b - 17 stones
rCold  . . .     Gourm    .     c - +0 robe
rNeg   . . .     Faith    .     (no shield)
rPois  .         Spirit   .     (no helmet)
rElec  .         Dismiss  .     (no cloak)
rCorr  .         Reflect  .     (no gloves)
MR     .....     Harm     .     (no boots)
Stlth  ++........               (no amulet)
                                (no ring)
                                (no ring)

@: no status effects
A: no striking features
a: no special abilities


You were on level 3 of the Dungeon.
You were not hungry.

You visited 1 branch of the dungeon, and saw 3 of its levels.

You collected 42 gold pieces.

Inventory:

Hand Weapons
 a - a +0 dagger
Missiles
 b - 17 stones (in hand)
 i - a throwing net
Armour
 c - a +0 robe (worn)
Scrolls
 g - 2 scrolls of identify {unknown}
Books
 e - a book of Geomancy

   Spells                             Type                      Level
   a - Sandblast                      Earth                        1
   b - Passwall                       Transmutation/Earth          2
   c - Stone Arrow                    Conjuration/Earth            3
   d - Petrify                        Transmutation/Earth          4
   e - Lee's Rapid Deconstruction     Earth                        5
Comestibles
 d - a bread ration
 f - a royal jelly
 h - a slice of pizza


   Skills:
 - Level 2.0 Short Blades
 - Level 2.4 Dodging
 + Level 3.1 Stealth
 - Level 3.0 Spellcasting
   Level 1.1 Transmutations
 - Level 3.2 Earth Magic


You had 6 spell levels left.
You knew the following spells:

 Your Spells              Type           Power        Failure   Level  Hunger
f - Sandblast             Erth           ###...       4%          1    None


Dungeon Overview and Level Annotations

Branches:
Dungeon (3/15)

Altars:


Message History

Casting: Sandblast
Confirm with . or Enter, or press ? or * to list all spells.
Aiming: Sandblast
Press: ? - help, Shift-Dir - straight line, f/p - orc
Aim: an orc, wearing a chain mail The rocky blast hits the orc.
The centaur skeleton closely misses you.
The orc completely misses you.
The centaur skeleton closely misses you.
Casting: Sandblast
Confirm with . or Enter, or press ? or * to list all spells.
Aiming: Sandblast
Press: ? - help, Shift-Dir - straight line, f/p - orc
Aim: an orc, wearing a chain mail The rocky blast hits the orc.
The centaur skeleton hits you. The centaur skeleton hits you.
* * * LOW HITPOINT WARNING * * *
There is a stone staircase leading up here.
The centaur skeleton hits you.
You die...

#.# #.#.##
..#..#
####.#..#
.......#
..###..#†.#
.....o...#
#.o...#
#.o.@.#
#..Z#.#
#...#.#
#...#.#
#...#.#
..$.#.#
........
.##...#.#


You could see 3 orcs and a centaur skeleton.

Vanquished Creatures
  An adder (D:2)
  A dart slug (D:1)
  2 leopard geckos (D:1)
  4 goblins
  A ball python (D:1)
  A frilled lizard (D:2)
  A kobold (D:2)
11 creatures vanquished.

Notes
Turn   | Place    | Note
-------+----------+-------------------------------------------
     0 | D:1      | Amnesiac the Deep Elf Earth Elementalist began the quest for the Orb.
     0 | D:1      | Reached XP level 1. HP: 10/10 MP: 6/6
   230 | D:1      | Reached skill level 1 in Short Blades
   230 | D:1      | Reached XP level 2. HP: 15/15 MP: 5/8
   404 | D:3      | Slain by a centaur skeleton

Vault maps used:
D:1:      scummos_arrival_checkerplants, serial_co_window_serial,
          co_window_of_opportunity_a, co_window_paths_b,
          co_window_of_opportunity_a, co_window_paths_a, co_window_paths_b,
          co_window_of_opportunity_a, co_window_paths_a, co_window_corner_ca,
          co_window_corner_b, co_window_corner_ca, co_window_of_opportunity_b,
          co_window_unsneaky_path_e, co_window_broadway_c, co_window_paths_e,
          glass_columns_b, glass_columns_a, glass_columns_b
D:2:      first_bread, uniq_jessica, uniq_iyjb, uniq_crazy_yiuf_cottage
D:3:      grunt_decor_fettered, grunt_ministairs_4, uniq_purgy

Skill      XL: |  1  2 |
---------------+-------+-----
Stealth        | 3 |  3.1
Short Blades   | 1 2 |  2.0
Dodging        | |  2.4
Spellcasting   | |  3.0
Transmutations | |  1.1
Earth Magic    | |  3.2

Action                   || total
-------------------------++-------
Melee: Unarmed           ||     1
 Cast: Sandblast         ||    25
Armor: Robe              ||     3
Dodge: Dodged            ||    15
